[Event "Team 45 45 League T65"]
[Site "Internet Chess Club"]
[Date "2015.08.02"]
[Round "9"]
[White "MikeTtheGuru"]
[Black "lacibacsi"]
[Result "1-0"]
[WhiteElo "2040"]
[BlackElo "2064"]
[Opening "English opening"]
[ECO "A16"]
[Time "16:14:40"]
[TimeControl "2700+45"]

1. c4 Nf6 2. Nc3 g6 3. g3 Bg7 4. Bg2 O-O 5. e4 d6 6. Nge2 Nc6 7. O-O a6 8. d3
Rb8 9. f4 Bd7 10. b3 b5 11. Rb1 Qc8 12. Nd5 Bh3 13. Nd4 Bxg2 14. Nxc6 Qh3 15.
Rf2 Ng4 16. Rxg2 e6 17. Ne3 f5 18. Nxg4 fxg4 19. Nxb8 Bd4+ 20. Kh1 Rxb8 21. Qe2
Rf8 22. Be3 {Black resigns} 1-0

[Event "Team 45 45 League T65"]
[Site "Internet Chess Club"]
[Date "2015.08.02"]
[Round "9"]
[White "Tobiasdelmonte"]
[Black "jjimalo"]
[Result "1/2-1/2"]
[WhiteElo "1826"]
[BlackElo "1902"]
[Opening "Queen's pawn game"]
[ECO "A46"]
[Time "12:10:28"]
[TimeControl "2700+45"]

1. d4 Nf6 2. Nf3 e6 3. Bf4 b6 4. e3 c5 5. c3 Be7 6. Bd3 Bb7 7. Nbd2 Nh5 8. Be5
d6 9. Bg3 Nd7 10. Nc4 Nxg3 11. hxg3 cxd4 12. cxd4 g6 13. a3 Nf6 14. Qa4+ Kf8 15.
Rc1 a6 16. Qb3 b5 17. Ncd2 Kg7 18. a4 Rb8 19. axb5 axb5 20. O-O Bd5 21. Qc3 Qb6
22. e4 Ba8 23. Qc7 Bd8 24. Qxb6 Bxb6 25. e5 dxe5 26. dxe5 Nd5 27. Ne4 Nb4 28.
Bb1 Bxe4 29. Bxe4 Rbc8 30. Bb7 Rb8 31. Be4 Rbc8 32. Rfd1 Rxc1 33. Rxc1 Rd8 34.
Kf1 Kf8 35. Ke2 h5 36. Rc3 Ke7 37. Rb3 Bc5 38. Nd2 Kd7 39. f4 Kc7 40. Rc3 Kb6
41. Bf3 Bd4 42. Rb3 Bc5 43. Ne4 Nc6 44. Rd3 Rxd3 45. Kxd3 Nb4+ 46. Kc3 Nd5+ 47.
Kb3 Be7 48. Nd2 Bc5 49. Ne4 Be7 50. Be2 Ne3 51. Bf3 Nd5 52. Kc2 Nb4+ 53. Kd2 Nd5
54. b3 Kc7 55. Nf2 Bb4+ 56. Kd3 Be1 57. Ne4 Kd7 58. Nd6 Nb4+ 59. Ke4 f5+ 60. Ke3
Bxg3 61. Nxb5 Nc2+ 62. Kd2 Na1 63. Ke3 Nxb3 64. Bd1 Nc5 65. Kf3 Be1 66. Bc2 Bd2
67. g3 Be1 68. Nd6 Ke7 69. Nc8+ Kd7 70. Nb6+ Kc6 71. Nc8 Kd7 72. Nb6+ Kc6 73.
Nc4 Kd7 74. Ne3 Ke7 75. Ng2 Bc3 76. Nh4 Kf7 77. Ke3 Kg7 78. Nf3 Kf7 79. Bb1 Ke7
80. Ng5 Be1 81. Kf3 Bc3 82. Ba2 Be1 83. Bc4 Bc3 84. Ke3 Be1 85. Kd4 Bf2+ 86. Kc3
Ne4+ 87. Nxe4 fxe4 88. Bf1 Bxg3 89. Kd4 Bxf4 90. Kxe4 Bc1 91. Kf3 g5 92. Bd3 Kf7
93. Bc4 Bb2 94. Ke4 h4 95. Be2 h3 96. Bh5+ Kg7 97. Bg4 h2 98. Bf3 Kg6 99. Bg2
Kh5 100. Bh1 Kh4 101. Kf3 Bxe5 102. Bg2 g4+ 103. Kf2 Bd4+ 104. Kf1 Kg3 105. Bc6
e5 106. Bg2 Kf4 107. Bh1 e4 108. Ke2 g3 109. Bg2 Bb6 110. Bh1 Bg1 111. Bg2 e3
112. Bf3 Kg5 113. Bg2 Kg4 114. Kf1 Bf2 115. Ke2 Kh4 116. Kf1 Kg4 117. Ke2 Kf4
118. Bh1 Kg4 119. Bg2 h1=Q 120. Bxh1 Kh3 121. Kf1 Kh2 122. Bf3 {Game drawn by
mutual agreement} 1/2-1/2

[Event "Team 45 45 League T65"]
[Site "Internet Chess Club"]
[Date "2015.08.03"]
[Round "9"]
[White "elmaestro"]
[Black "JPSVI"]
[Result "0-1"]
[WhiteElo "1788"]
[BlackElo "1568"]
[Opening "French: advance variation"]
[ECO "C02"]
[Time "23:08:06"]
[TimeControl "2700+45"]

1. e4 e6 2. d4 d5 3. e5 b6 4. Nf3 a5 5. Bd3 Ba6 6. Qe2 Bxd3 7. Qxd3 h6 8. a3 Qd7
9. Nc3 Na6 10. Be3 c5 11. O-O Nc7 12. Rfe1 c4 13. Qd1 Ne7 14. Nd2 Nf5 15. f4 Be7
16. Bf2 O-O 17. Qg4 Rfb8 18. b3 b5 19. bxc4 bxc4 20. Reb1 Nb5 21. Nxb5 Rxb5 22.
c3 Rab8 23. Qd1 Rb2 24. Qc1 Qb7 25. Rxb2 Qxb2 26. Rb1 Qxc1+ 27. Rxc1 Rb2 28. Nf3
Bxa3 29. g4 Ne7 30. Ra1 Rb3 31. Be1 g6 32. Nd2 Rxc3 33. Nb1 Rc1 34. Kf2 Bb2 35.
Bd2 Bxa1 36. Bxc1 Bxd4+ 37. Ke2 Nc6 38. h4 Nb4 39. Na3 Nd3 40. Bd2 a4 41. Nb5
Bb2 42. Ke3 a3 43. Bc3 a2 44. Bxb2 Nxb2 {White resigns} 0-1

[Event "Team 45 45 League T65"]
[Site "Internet Chess Club"]
[Date "2015.07.30"]
[Round "9"]
[White "fireball"]
[Black "pishd"]
[Result "0-1"]
[WhiteElo "1608"]
[BlackElo "1763"]
[Opening "French: Rubinstein variation"]
[ECO "C03"]
[Time "09:03:31"]
[TimeControl "2700+45"]

1. e4 e6 2. d4 d5 3. Nd2 dxe4 4. Nxe4 Nd7 5. Nf3 Ngf6 6. Nxf6+ Nxf6 7. c3 Be7 8.
Bd3 O-O 9. O-O b6 10. Qc2 Bb7 11. Ng5 h6 12. Ne4 c5 13. dxc5 Nxe4 14. Bxe4 Bxe4
15. Qxe4 Bxc5 16. Qg4 Qf6 17. Kh1 Rad8 18. Bf4 Rd5 19. Bg3 Rd2 20. Qa4 Rxb2 21.
Qxa7 Qxc3 22. Rae1 Bxf2 23. Rc1 Qd4 24. Rcd1 Qe3 25. Bd6 Rd8 26. Qc7 Ra8 27. Bg3
Rbxa2 28. Rd8+ Rxd8 29. Qxd8+ Kh7 30. Qd1 Rd2 31. Qb1+ g6 32. Bxf2 Rxf2 33. Re1
Re2 34. Rf1 Kg7 35. Qa1+ Qe5 36. Qa7 Rf2 37. Rg1 Qc5 38. Qa1+ e5 39. Re1 Qd5 40.
Rg1 b5 41. Qe1 Qd4 42. Qc1 b4 43. Rd1 Qe4 44. Rg1 b3 45. Qb1 Qxb1 46. Rxb1 b2
47. Kg1 Rc2 48. g4 Rc1+ {White resigns} 0-1

[Event "Team 45 45 League T65"]
[Site "Internet Chess Club"]
[Date "2015.07.31"]
[Round "9"]
[White "Percival"]
[Black "RickyWang"]
[Result "1-0"]
[WhiteElo "2039"]
[BlackElo "1915"]
[Opening "Benoni: Taimanov variation"]
[ECO "A67"]
[Time "09:18:56"]
[TimeControl "2700+45"]

1. d4 Nf6 2. c4 c5 3. d5 e6 4. Nc3 exd5 5. cxd5 d6 6. e4 g6 7. f4 Bg7 8. Bb5+
Nfd7 9. a4 O-O 10. Nf3 Na6 11. O-O Nb4 12. Re1 a6 13. Bf1 Re8 14. h3 b6 15. Be3
f5 16. exf5 gxf5 17. Bf2 Rxe1 18. Qxe1 Nc2 19. Qe6+ Kh8 20. Rc1 Ne5 21. Bh4
Nxf3+ 22. gxf3 Bd4+ 23. Kh1 Qxh4 24. Qe8+ Kg7 25. Rxc2 Qxf4 26. Rg2+ Kh6 27.
Qf8+ Kh5 28. Ne2 Qh6 29. Ng3+ {Black resigns} 1-0

[Event "Team 45 45 League T65"]
[Site "Internet Chess Club"]
[Date "2015.08.03"]
[Round "9"]
[White "JasonModer"]
[Black "Dodgy"]
[Result "1-0"]
[WhiteElo "1887"]
[BlackElo "2011"]
[Opening "Budapest: Adler variation"]
[ECO "A52"]
[Time "09:00:24"]
[TimeControl "2700+45"]

1. d4 Nf6 2. c4 e5 3. dxe5 Ng4 4. Nf3 Nc6 5. Bf4 Bb4+ 6. Nbd2 Qe7 7. e3 Ngxe5 8.
Be2 O-O 9. O-O Bd6 10. Ng5 Ng6 11. Bxd6 Qxd6 12. a3 Qf6 13. Nge4 Qxb2 14. Rb1
Qxa3 15. c5 Qa2 16. Nc4 Re8 17. Nc3 Qa6 18. Nd5 Nce7 19. Nxc7 Qc6 20. Nxe8 Qxc5
21. Ncd6 Nd5 22. Rb5 {Black resigns} 1-0

[Event "Team 45 45 League T65"]
[Site "Internet Chess Club"]
[Date "2015.07.31"]
[Round "9"]
[White "kidviper"]
[Black "ausya"]
[Result "1/2-1/2"]
[WhiteElo "1959"]
[BlackElo "1731"]
[Opening "QGD: exchange, positional line"]
[ECO "D35"]
[Time "20:00:09"]
[TimeControl "2700+45"]

1. d4 d5 2. c4 e6 3. Nc3 Nf6 4. cxd5 exd5 5. Bg5 Be7 6. e3 Bf5 7. Bxf6 Bxf6 8.
Qb3 Be6 9. Qxb7 Nd7 10. Qb3 Rb8 11. Qc2 c5 12. dxc5 Qa5 13. Rc1 Nxc5 14. Nf3 O-O
15. Be2 Na4 16. O-O Nxb2 17. Nd4 Rfc8 18. Qd2 Na4 19. Ne4 Qxd2 20. Nxd2 Rxc1 21.
Rxc1 Bxd4 22. exd4 Rb2 23. Rb1 Kf8 24. Rxb2 Nxb2 25. f4 Ke7 26. Kf2 Kd6 27. Ke3
Kc6 28. Nb3 Na4 29. Kd2 f6 30. Bd3 g6 31. Bc2 Kb5 32. Na1 Nb2 33. Kc3 Nc4 34.
Bd3 Ka4 35. Bxc4 dxc4 36. Nc2 Kb5 37. Na3+ Kc6 38. Nxc4 Bd5 39. g3 Be4 40. Nd2
Bd5 41. a3 Kb6 42. Kb4 a5+ 43. Kc3 h6 44. Nf1 Be6 45. Ne3 Kc6 46. a4 g5 47. Nc4
Kd5 48. fxg5 hxg5 49. Nxa5 f5 50. Nb3 f4 51. gxf4 gxf4 52. Nc5 f3 53. Kd3 Bf5+
54. Ke3 f2 55. Kxf2 Kxd4 56. Nb3+ Kc4 57. Nd2+ Kb4 58. Ke3 Kxa4 59. Kf4 Bd3 60.
Ne4 Kb5 61. h4 Kc6 62. h5 Kd5 63. Ng5 Kd6 64. h6 Ke7 65. Ke5 Kf8 66. Kf6 Kg8 67.
Nh3 Kh7 68. Kg5 Bb1 69. Nf4 Bc2 70. Nd5 Bb1 71. Nb4 Be4 72. Kf4 Kxh6 {Game drawn
because neither player has mating material} 1/2-1/2

[Event "Team 45 45 League T65"]
[Site "Internet Chess Club"]
[Date "2015.07.30"]
[Round "9"]
[White "alexkolay"]
[Black "kidcobra"]
[Result "1-0"]
[WhiteElo "1857"]
[BlackElo "1834"]
[Opening "Bogo-Indian defense, Grünfeld variation"]
[ECO "E11"]
[Time "10:00:44"]
[TimeControl "2700+45"]

1. d4 Nf6 2. c4 e6 3. Nf3 Bb4+ 4. Nbd2 b6 5. a3 Bxd2+ 6. Qxd2 Bb7 7. e3 a5 8. b3
O-O 9. Be2 Ne4 10. Qc2 f5 11. Bb2 Na6 12. O-O Ng5 13. d5 exd5 14. Nxg5 Qxg5 15.
f4 Qe7 16. Qc3 c5 17. Bf3 Nc7 18. Rad1 Rae8 19. Rfe1 d6 20. cxd5 Nb5 21. Qd3 Nc7
22. e4 Qf7 23. e5 Qg6 24. exd6 Qxd6 25. Be5 Qd7 26. d6 Ba6 27. Qc3 Ne6 28. Bd5
Kh8 29. Bxe6 Rxe6 30. Bxg7+ Qxg7 31. Qxg7+ Kxg7 32. Rxe6 Rd8 33. d7 Kf7 34. Rxb6
Be2 35. Rd2 Bh5 36. Rb5 a4 37. bxa4 Ke6 38. a5 Kf6 39. a6 Be8 40. dxe8=Q Rxe8
41. a7 Ra8 42. Rd7 c4 43. Rb8 Rxa7 44. Rxa7 Kg6 45. Rc8 h6 46. Rxc4 Kh5 47. Re7
Kh4 48. a4 Kg4 49. a5 h5 50. a6 h4 51. a7 h3 52. a8=Q hxg2 53. Qg8+ Kf3 54.
Qxg2# {Black checkmated} 1-0

[Event "Team 45 45 League T65"]
[Site "Internet Chess Club"]
[Date "2015.07.29"]
[Round "9"]
[White "bradleyguo175"]
[Black "kidcobra"]
[Result "0-1"]
[WhiteElo "1727"]
[BlackElo "1850"]
[Opening "Budapest: Adler variation"]
[ECO "A52"]
[Time "17:04:58"]
[TimeControl "2700+45"]

1. d4 Nf6 2. c4 e5 3. dxe5 Ng4 4. Nf3 Bc5 5. e3 Nc6 6. Nc3 Ngxe5 7. Nxe5 Nxe5 8.
Be2 O-O 9. O-O d6 10. b3 Ng6 11. Bb2 Be6 12. Bf3 Rb8 13. Na4 Qg5 14. Nxc5 dxc5
15. Re1 Nh4 16. Be4 Rfd8 17. Qe2 f5 18. Bf3 Rd2 {White resigns} 0-1

[Event "Team 45 45 League T65"]
[Site "Internet Chess Club"]
[Date "2015.08.03"]
[Round "9"]
[White "MartyJR"]
[Black "idjit"]
[Result "1-0"]
[WhiteElo "1518"]
[BlackElo "1637"]
[Opening "Queen's pawn game"]
[ECO "A46"]
[Time "17:01:09"]
[TimeControl "2700+45"]

1. d4 Nf6 2. Nf3 e6 3. Bf4 d5 4. e3 Bd6 5. Bxd6 Qxd6 6. c3 b6 7. Bd3 O-O 8. Nbd2
c5 9. O-O Nc6 10. Re1 Bb7 11. dxc5 bxc5 12. e4 Ng4 13. exd5 exd5 14. Bxh7+ Kh8
15. Bf5 Nge5 16. Nxe5 {Black resigns} 1-0

[Event "Team 45 45 League T65"]
[Site "Internet Chess Club"]
[Date "2015.07.30"]
[Round "9"]
[White "pokerram"]
[Black "KidRattler"]
[Result "1-0"]
[WhiteElo "1777"]
[BlackElo "1686"]
[Opening "Ruy Lopez: Schliemann defense, Berger variation"]
[ECO "C63"]
[Time "16:00:06"]
[TimeControl "2700+45"]

1. e4 e5 2. Nf3 Nc6 3. Bb5 f5 4. Nc3 fxe4 5. Nxe4 Nf6 6. Nxf6+ Qxf6 7. O-O d6 8.
d4 Bd7 9. Bg5 Qf7 10. dxe5 Nxe5 11. Nxe5 dxe5 12. Qe2 Qf5 13. Bxd7+ Qxd7 14.
Qxe5+ Kf7 15. Rad1 Bd6 16. Qd5+ Qe6 17. Qf3+ Kg6 18. Rfe1 Qf5 19. Qxf5+ Kxf5 20.
Rd5+ Kg6 21. Bh4 Rhe8 22. Rg5+ Kf7 23. Rf5+ Kg6 24. Rg5+ Kf7 25. Rf5+ Kg6 26.
Rxe8 Rxe8 27. Rg5+ Kh6 28. Kf1 Re6 29. Rb5 b6 30. Bg5+ Kg6 31. f4 Re4 32. g3 c5
33. Rb3 h6 34. Bd8 Kf5 35. Rd3 Rd4 36. h3 Ke4 37. Ke2 Rxd3 38. cxd3+ Kd4 39. a4
c4 40. dxc4 Kxc4 41. a5 b5 42. a6 Kb3 43. Ba5 Kxb2 44. Bb6 Bb8 45. Bd4+ Kc2 46.
Bxg7 h5 47. Kf3 b4 48. g4 hxg4+ 49. hxg4 b3 50. g5 Bd6 51. f5 Bf8 52. Bh8 Ba3
53. Kg4 Bb2 54. Bxb2 Kxb2 55. f6 Kc1 56. f7 b2 57. f8=Q b1=Q 58. Qf1+ Kb2 59.
Qxb1+ Kxb1 60. g6 Kb2 61. g7 Ka1 62. g8=Q Kb2 63. Qb8+ Kc1 64. Qxa7 Kd2 65. Qd7+
Ke2 66. a7 Kf2 67. a8=Q Ke1 68. Qe4+ Kf2 69. Qf3+ Kg1 70. Qdd1+ Kh2 71. Qg3#
{Black checkmated} 1-0

[Event "Team 45 45 League T65"]
[Site "Internet Chess Club"]
[Date "2015.08.01"]
[Round "9"]
[White "QuimCatala"]
[Black "nanning"]
[Result "0-1"]
[WhiteElo "1364"]
[BlackElo "1639"]
[Opening "Four knights: double Ruy Lopez"]
[ECO "C49"]
[Time "14:00:08"]
[TimeControl "2700+45"]

1. e4 e5 2. Nf3 Nc6 3. Bb5 Nf6 4. Nc3 Bb4 5. Bxc6 dxc6 6. Nxe5 Qe7 7. d4 Nxe4 8.
Qf3 Nxc3 9. bxc3 Bxc3+ 10. Qxc3 f6 11. O-O fxe5 12. dxe5 O-O 13. Ba3 Qg5 14.
Bxf8 Kxf8 15. Qf3+ Kg8 16. Rfe1 Be6 17. a3 Rf8 18. Qg3 Qd2 19. c3 b5 20. h4 Qf4
21. Qxf4 Rxf4 22. g3 Rc4 23. Re3 Ra4 24. f4 a5 25. Rd3 Kf7 26. Kf2 b4 27. cxb4
axb4 28. Ke3 c5 29. Kd2 c4 30. Re3 c5 31. Kc2 c3 32. Rf3 b3+ 33. Kxc3 Rc4+ 34.
Kd2 Rc2+ 35. Ke1 b2 36. Rd1 Rc1 37. f5 Rxd1+ 38. Kxd1 b1=Q+ 39. Ke2 Bc4+ 40. Kf2
Qb2+ 41. Ke3 Qxe5+ 42. Kf2 Qe2+ {White resigns} 0-1

[Event "Team 45 45 League T65"]
[Site "Internet Chess Club"]
[Date "2015.08.02"]
[Round "9"]
[White "Heian"]
[Black "zap2"]
[Result "0-1"]
[WhiteElo "1903"]
[BlackElo "1794"]
[Opening "Caro-Kann: advance variation"]
[ECO "B12"]
[Time "13:06:53"]
[TimeControl "2700+45"]

1. e4 c6 2. d4 d5 3. e5 Bf5 4. Nf3 e6 5. Bd3 Bxd3 6. Qxd3 Nd7 7. O-O Ne7 8. Nbd2
c5 9. dxc5 Nc6 10. a3 Bxc5 11. Nb3 Bb6 12. Bf4 O-O 13. Ng5 g6 14. Qh3 h5 15. g4
Kg7 16. gxh5 Rh8 17. h6+ Kf8 18. Rae1 Ne7 19. Nxe6+ fxe6 20. Qxe6 Rc8 21. Bg5
Rc6 22. Qh3 Ke8 23. e6 Nf8 24. Re2 Nh7 25. Qh4 Rc4 26. Qg3 Nxg5 27. Qxg5 Qd6 28.
Qf6 Rg4+ 29. Kh1 Qxh2+ 30. Kxh2 Rxh6+ {White resigns} 0-1

[Event "Team 45 45 League T65"]
[Site "Internet Chess Club"]
[Date "2015.08.02"]
[Round "9"]
[White "Chesslov"]
[Black "kabindra"]
[Result "0-1"]
[WhiteElo "1484"]
[BlackElo "1861"]
[Opening "QP counter-gambit (elephant gambit)"]
[ECO "C40"]
[Time "14:07:20"]
[TimeControl "2700+45"]

1. e4 e5 2. Nf3 d5 3. exd5 e4 4. Qe2 Nf6 5. Ng5 Qxd5 6. d3 Qb5 7. Nc3 Bb4 8. Bd2
Bxc3 9. Nxe4 Bxd2+ 10. Nxd2+ Be6 11. Nb3 O-O 12. c4 Qb4+ 13. Qd2 Nc6 14. Be2
Qxd2+ 15. Kxd2 Rad8 16. Rad1 Bxc4 17. Kc1 Bxb3 18. axb3 Nd4 19. Bf1 Nxb3+ 20.
Kc2 Nd4+ 21. Kb1 Ng4 22. Rc1 Nxf2 23. Rg1 Nc6 24. Rc3 Rfe8 25. g3 Re1+ 26. Ka2
Nb4+ 27. Kb3 Nbxd3 28. Rxc7 Rb1 29. Kc3 Rc1+ 30. Kd2 Rxc7 31. Bxd3 Nxd3 32. Rg2
Nf4+ 33. Ke3 Nxg2+ {White resigns} 0-1

[Event "Team 45 45 League T65"]
[Site "Internet Chess Club"]
[Date "2015.08.01"]
[Round "9"]
[White "QuieroAprender"]
[Black "hondocando"]
[Result "0-1"]
[WhiteElo "1631"]
[BlackElo "1679"]
[Opening "Sicilian: Najdorf, Byrne (English) attack"]
[ECO "B90"]
[Time "18:05:56"]
[TimeControl "2700+45"]

1. e4 c5 2. Nf3 d6 3. d4 cxd4 4. Nxd4 Nf6 5. Nc3 a6 6. Be3 e5 7. Nb3 Be6 8. Be2
Be7 9. O-O O-O 10. f4 exf4 11. Bxf4 Nc6 12. Bd3 h6 13. h3 Nh7 14. Nd5 Bg5 15. c4
Bxd5 16. exd5 Bxf4 17. dxc6 Be5 18. cxb7 Qb6+ 19. c5 Qxb7 20. cxd6 Rad8 21. Qe2
Bxd6 22. Bxa6 Qa7+ 23. Kh1 Ng5 24. Bd3 Rde8 25. Qg4 Qe3 26. Rad1 Kh8 27. h4 Qe5
28. g3 Nh7 29. Bxh7 Kxh7 30. Qf4 Qxf4 31. gxf4 Be7 32. h5 Bf6 33. Rf2 Rb8 34.
Nc5 Rxb2 35. Rxb2 Bxb2 36. Rd2 Ba3 37. Nd7 Re8 38. Kg2 Re4 39. Kf3 Ra4 40. Rc2
Bd6 41. Ne5 Bxe5 42. fxe5 Rh4 43. Rc5 Rxh5 44. a4 Rh3+ 45. Ke4 Rh4+ 46. Kf5 Rxa4
47. Rc7 g6+ 48. Kf6 Rf4+ 49. Ke7 g5 50. Rc8 g4 51. Kf8 g3 52. Rc3 Rg4 53. Rf3 g2
54. Rxf7+ Kg6 55. Rg7+ Kh5 56. Rxg4 Kxg4 57. e6 g1=Q 58. e7 Qc5 59. Kf7 Qxe7+
60. Kxe7 h5 {White resigns} 0-1

[Event "Team 45 45 League T65"]
[Site "Internet Chess Club"]
[Date "2015.08.03"]
[Round "9"]
[White "bayoumicardio10"]
[Black "olivermx"]
[Result "1-0"]
[WhiteElo "1571"]
[BlackElo "1318"]
[Opening "Scotch gambit: Dubois-Réti defense"]
[ECO "C55"]
[Time "19:00:43"]
[TimeControl "2700+45"]

1. e4 e5 2. Nf3 Nc6 3. d4 exd4 4. Bc4 Nf6 5. e5 d5 6. Bb5 Ne4 7. Nxd4 Bd7 8.
Bxc6 bxc6 9. O-O Bc5 10. f3 Ng5 11. f4 Ne6 12. Be3 Bb6 13. c3 c5 14. Nxe6 fxe6
15. Na3 O-O 16. Nc2 c4 17. Bxb6 cxb6 18. Nd4 Qe7 19. Qg4 g6 20. Rf3 Qg7 21. Raf1
Rf7 22. h4 h5 23. Qg5 Kh7 24. g4 hxg4 25. Qxg4 Raf8 26. Nxe6 Bxe6 27. Qxe6 Rd8
28. Rg3 Re7 29. Qg4 Rg8 30. Rd1 Qf7 31. Qf3 Rd8 32. Rg5 Re6 33. Rxd5 Rxd5 34.
Qxd5 Re7 35. Qe4 Kh6 36. Rg2 {Black forfeits on time} 1-0

[Event "Team 45 45 League T65"]
[Site "Internet Chess Club"]
[Date "2015.08.03"]
[Round "9"]
[White "RUPIS"]
[Black "rubo"]
[Result "1-0"]
[WhiteElo "1652"]
[BlackElo "1640"]
[Opening "Caro-Kann defense"]
[ECO "B15"]
[Time "15:02:30"]
[TimeControl "2700+45"]

1. e4 c6 2. Nc3 d5 3. d4 dxe4 4. Nxe4 e5 5. Nf3 Bg4 6. Bc4 Bxf3 7. Qxf3 Nf6 8.
Ng5 e4 9. Qb3 Qb6 10. Bxf7+ Kd8 11. Qe6 Qxd4 12. Be3 Bb4+ 13. Ke2 Qxb2 14. Rhd1+
Kc7 15. Bf4+ Kb6 16. Rab1 Qxc2+ 17. Kf1 Na6 18. a3 Rad8 19. Be3+ Kb5 20. Rdc1
Qd3+ 21. Kg1 Rd5 22. axb4 Rhd8 23. h3 h6 24. Nh7 Nxh7 25. Qg6 Ng5 26. Bxd5 Qxd5
27. Qxg7 Nxh3+ 28. Kh1 Qh5 29. Qxb7+ {Black resigns} 1-0

[Event "Team 45 45 League T65"]
[Site "Internet Chess Club"]
[Date "2015.07.29"]
[Round "9"]
[White "nosir"]
[Black "mongmong"]
[Result "1-0"]
[WhiteElo "1495"]
[BlackElo "1490"]
[Opening "Réti opening"]
[ECO "A04"]
[Time "19:14:19"]
[TimeControl "2700+45"]

1. Nf3 e6 2. g3 Nf6 3. Bg2 d5 4. d3 c5 5. O-O Nc6 6. Nbd2 Be7 7. e4 b6 8. e5 Nd7
9. Re1 Qc7 10. Qe2 Bb7 11. Nb3 h6 12. d4 cxd4 13. Nbxd4 Nxd4 14. Nxd4 a6 15. c3
Rc8 16. Bd2 b5 17. Rac1 Nb6 18. b3 Qd8 19. Qh5 g6 20. Qe2 h5 21. h4 g5 22. hxg5
Bxg5 23. f4 Be7 24. Bf3 h4 25. g4 Bc5 26. Be3 h3 27. Kh2 Kd7 28. f5 Qe7 29. f6
Qe8 30. Qd1 Kd8 31. g5 Nd7 32. Bf4 Kc7 33. a4 Bxd4 34. cxd4+ Kb6 35. axb5 axb5
36. Re2 Rxc1 37. Qxc1 Qc8 38. Rc2 Qb8 39. Bd2 Nxe5 40. dxe5 Qxe5+ 41. Bf4 Qf5
42. Qe3+ Ka5 43. Ra2+ Kb4 44. Bd6# {Black checkmated} 1-0

[Event "Team 45 45 League T65"]
[Site "Internet Chess Club"]
[Date "2015.08.04"]
[Round "9"]
[White "backwardpawn903"]
[Black "g8wrb"]
[Result "1-0"]
[WhiteElo "1365"]
[BlackElo "1367"]
[Opening "King's Indian: London system"]
[ECO "A45"]
[Time "11:00:12"]
[TimeControl "2700+45"]

1. d4 Nf6 2. Bf4 g6 3. Nf3 Bg7 4. e3 O-O 5. Be2 b6 6. Nbd2 Bb7 7. O-O d6 8. c4
Nbd7 9. b4 Re8 10. h3 e6 11. b5 Qe7 12. Bg3 Ne4 13. Nxe4 Bxe4 14. a4 c5 15. bxc6
Bxc6 16. a5 e5 17. d5 Bb7 18. axb6 Nxb6 19. Qb3 e4 20. Nd4 Rec8 21. Rfb1 Qc7 22.
Nb5 Qd7 23. Rxa7 Rxa7 24. Nxa7 Bxd5 25. cxd5 Qxa7 26. Qxb6 Qa2 27. Ba6 Ra8 28.
Bb7 Rb8 29. Bxd6 Re8 30. Bc6 Rc8 31. Qb7 Rd8 32. Be7 Qa5 33. Bxd8 Qxd8 34. Qb8
Qf8 35. Qxf8+ Bxf8 36. Rb8 Kg7 37. f3 exf3 38. gxf3 Bd6 39. f4 Bxb8 40. Kf2 Kf6
41. Kf3 Ke7 42. Kg4 h6 43. e4 f6 44. f5 g5 45. Kh5 Bf4 46. Kg6 Be3 47. e5 fxe5
48. f6+ Kf8 49. d6 Bb6 50. d7 Bd8 51. Bd5 Bc7 52. Kxh6 Bd8 53. Kxg5 Bc7 54. h4
e4 55. Bxe4 Bd8 56. Bd5 Bc7 57. h5 Bd8 58. h6 Bxf6+ 59. Kf5 Ke7 60. d8=Q+ Kxd8
61. Kxf6 {Black resigns} 1-0

[Event "Team 45 45 League T65"]
[Site "Internet Chess Club"]
[Date "2015.08.01"]
[Round "9"]
[White "SeniorCitizen"]
[Black "bardu"]
[Result "0-1"]
[WhiteElo "1328"]
[BlackElo "1260"]
[Opening "Danish gambit: Sorensen defense"]
[ECO "C21"]
[Time "15:02:05"]
[TimeControl "2700+45"]

1. e4 e5 2. d4 exd4 3. c3 d5 4. Qxd4 Be6 5. exd5 Qxd5 6. Qxd5 Bxd5 7. Bf4 c6 8.
Be2 Nf6 9. Bf3 Bc5 10. Nd2 O-O 11. Bxd5 Re8+ 12. Kf1 Nxd5 13. Bg3 Nd7 14. Re1
N7f6 15. h3 Rxe1+ 16. Kxe1 Re8+ 17. Kd1 Ne4 18. Nxe4 Rxe4 19. Ne2 Ra4 20. a3
Bxa3 21. bxa3 Rxa3 22. Kc2 Ra2+ 23. Kd3 f6 24. Rb1 b5 25. Rb3 a5 26. Nd4 b4 27.
cxb4 Nxb4+ 28. Ke4 Kf7 29. Bd6 Rxf2 30. Bxb4 axb4 31. Rxb4 Rxg2 32. Kf3 Ra2 33.
Rc4 Ra3+ 34. Kg2 Ra2+ 35. Nc2 Ra6 36. Kg3 Ke6 37. Nd4+ Kd5 38. Rxc6 Rxc6 39.
Nxc6 Kxc6 40. Kf4 Kd6 41. Kf5 Ke7 {White resigns} 0-1